 Dungeon Crawl Stone Soup version 0.19.4-8-ga85b6b9 (webtiles) character file.

1739 Gargoyl the Chopper (level 9, -2/75 HPs)
             Began as a Ghoul Abyssal Knight on Feb 8, 2017.
             Was a Priest of Lugonu.
             Slain by a troll (10 damage)
             ... on level 7 of the Dungeon.
             The game lasted 00:14:56 (6750 turns).

Gargoyl the Chopper (Ghoul Abyssal Knight)          Turns: 6750, Time: 00:14:57

Health: -2/75      AC: 17    Str: 22    XL:     9   Next: 5%
Magic:  11/11      EV:  6    Int:  7    God:    Lugonu [***...]
Gold:   233        SH:  5    Dex: 10    Spells: 0 memorised, 8 levels left

rFire  . . .     SeeInvis .     a - +2 hand axe
rCold  + . .     Gourm    .     d - +1 plate armour
rNeg   + + +     Faith    .     r - +2 buckler
rPois  ∞         Spirit   .     (no helmet)
rElec  .         Reflect  .     q - +0 cloak
rCorr  .         Harm     .     C - +0 pair of gloves
MR     +....                    m - +0 pair of boots
Stlth  ..........               (no amulet)
                                (no ring)
                                o - ring of protection from magic (curse)

@: mighty, rotting
A: rotting body, claws 1, carnivore 3, cold resistance 1, negative energy
resistance 3, slow regeneration 1, torment resistance, unbreathing
a: Depart the Abyss, Bend Space, Banish, Renounce Religion


You were on level 7 of the Dungeon.
You worshipped Lugonu.
Lugonu was most pleased with you.
You were not hungry.

You visited 1 branch of the dungeon, and saw 7 of its levels.
You visited the Abyss 1 time.

You collected 233 gold pieces.

Inventory:

Hand Weapons
 a - a +2 hand axe (weapon)
 w - a cursed -1 spear
Missiles
 b - 7 tomahawks (quivered)
Armour
 d - a +1 plate armour (worn)
 m - a +0 pair of boots (worn)
 q - a +0 cloak (worn)
 r - a +2 buckler (worn)
 C - a +0 pair of gloves (worn)
Jewellery
 o - a cursed ring of protection from magic (left hand)
Wands
 f - a wand of digging (3/24)
 n - a wand of digging (10/24)
 s - a wand of flame (21/48)
Scrolls
 j - 2 scrolls of blinking
 t - a scroll of enchant weapon
 u - 5 scrolls of identify
 v - 3 scrolls of enchant armour
Potions
 e - a potion of brilliance {unknown}
 g - a potion of curing {unknown}
 i - a potion of flight {unknown}
 k - a potion of berserk rage {unknown}
 l - a potion of invisibility {unknown}
 x - 2 potions of haste {unknown}
 z - a potion of agility {unknown}
 B - a potion of heal wounds {unknown}
 D - a potion of degeneration {unknown}
Comestibles
 c - 3 meat rations
 h - 2 beef jerkies
 A - 6 chunks of flesh


   Skills:
 + Level 5.8 Fighting
 + Level 6.2 Axes
 + Level 0.5 Throwing
 * Level 6.1 Armour
 + Level 1.1 Dodging
 + Level 1.4 Shields
 * Level 4.7 Invocations


You had 8 spell levels left.
You didn't know any spells.

Dungeon Overview and Level Annotations

Branches:
Dungeon (7/15)             Temple (0/1) D:5

Altars:
Dithmenos


Innate Abilities, Weirdness & Mutations

Your body is rotting away.
You thrive on raw meat.
You are immune to poison.
You have sharp fingernails.
You are carnivorous and can eat meat at any time.
Your flesh is cold resistant. (rC+)
You are immune to negative energy. (rN+++)
You regenerate slowly when monsters are visible.
You are immune to unholy pain and torment.
You can survive without breathing.


Message History

The troll claws you.
You closely miss the troll.
The troll is severely wounded.
You block the troll's attack. The troll claws you!
The troll claws you but does no damage.
You feel very mighty all of a sudden. The troll bites you!
* * * LOW HITPOINT WARNING * * *
The troll claws you.
* * * LOW HITPOINT WARNING * * *
The troll barely misses you.
You completely miss the troll.
The troll is heavily wounded.
The troll bites you but does no damage. The troll claws you!
* * * LOW HITPOINT WARNING * * *
The troll barely misses you.
You closely miss the troll.
The troll is heavily wounded.
The troll bites you!
You die...

#.#.....#
#.#.....##
#........#
....#.#.....#
... #.#.###.#
... #...# #.#
....##..###.#
............#
...##.@#####
#.T# #.(#
#..# #..#
#..# ..>#
####


You could see a troll.

Vanquished Creatures
  An ice beast (D:5)
  A sky beast (D:6)
  An ogre (D:4)
  A necrophage (D:6)
  A centaur (D:5)
  2 bullfrogs (D:5)
  2 gnoll sergeants (D:6)
  A scorpion (D:5)
  A killer bee (D:7)
  A howler monkey (D:3)
  A crimson imp (D:7)
  A hound (D:7)
  5 orc priests
  Ijyb (D:3)
  An iguana (D:5)
  7 orc wizards
  4 worker ants
  A hound zombie (D:7)
  12 gnolls
  8 adders
  An ooze (D:2)
  6 worms
  3 dart slugs (D:1)
  6 leopard geckos
  14 orcs
  8 bats
  A giant cockroach (D:3)
  4 goblins
  8 hobgoblins
  19 jackals
  5 kobolds
  5 quokkas
  7 frilled lizards
  A jackal zombie (D:5)
  A quokka skeleton (D:3)
  11 rats
153 creatures vanquished.

Vanquished Creatures (others)
  An orc priest (D:5)
1 creature vanquished.

Grand Total: 154 creatures vanquished

Notes
Turn   | Place    | Note
-------+----------+-------------------------------------------
     0 | Abyss:1  | Gargoyl the Ghoul Abyssal Knight began the quest for the Orb.
     0 | Abyss:1  | Reached XP level 1. HP: 19/19 MP: 1/1
    39 | Abyss:2  | Noticed a raiju
    49 | Abyss:2  | Found a shattered altar of Ashenzari.
    57 | Abyss:2  | Noticed a ynoxinul
    61 | D:1      | Escaped the Abyss
    84 | D:1      | Reached XP level 2. HP: 15/26 MP: 2/2
   178 | D:1      | Reached * piety under Lugonu
   500 | D:1      | Reached XP level 3. HP: 32/33 MP: 3/3
  1201 | D:2      | Reached XP level 4. HP: 29/40 MP: 4/4
  2028 | D:3      | Reached ** piety under Lugonu
  2062 | D:3      | Reached XP level 5. HP: 43/46 MP: 5/5
  2094 | D:3      | Noticed Ijyb
  2134 | D:3      | Killed Ijyb
  2533 | D:3      | Reached XP level 6. HP: 53/53 MP: 7/7
  3488 | D:4      | Reached XP level 7. HP: 26/60 MP: 8/8
  4156 | D:5      | Entered Level 5 of the Dungeon
  4186 | D:5      | Found a staircase to the Ecumenical Temple.
  4206 | D:5      | Reached *** piety under Lugonu
  4206 | D:5      | Reached skill level 5 in Axes
  4206 | D:5      | Reached skill level 5 in Fighting
  4341 | D:5      | Reached XP level 8. HP: 58/67 MP: 9/9
  4978 | D:5      | Reached skill level 1 in Dodging
  5020 | D:6      | Found a shadowy altar of Dithmenos.
  5364 | D:5      | Reached skill level 5 in Armour
  5548 | D:6      | Reached skill level 1 in Shields
  6623 | D:7      | Reached XP level 9. HP: 71/75 MP: 11/11
  6733 | D:7      | Noticed a troll
  6750 | D:7      | Slain by a troll

Skill      XL: |  1  2  3  4  5  6  7  8 |
---------------+-------------------------+-----
Armour         | 2 3 4 6 |  6.1
Axes           | 2 3 4 5 6 |  6.2
Fighting       | 4 5 |  5.8
Invocations    | 3 4 |  4.7
Dodging        | 1 |  1.1
Shields        | 1 |  1.4
Throwing       | |  0.5

Action                   |  1- 3 |  4- 6 |  7- 9 || total
-------------------------+-------+-------+-------++-------
Melee: Hand axe          |   147 |   330 |   380 ||   857
Throw: Tomahawk          |       |       |     6 ||     6
Invok: Depart the Abyss  |     1 |       |       ||     1
       Banish            |       |       |     1 ||     1
  Use: Scroll            |     3 |     4 |     8 ||    15
       Potion            |       |       |     1 ||     1
  Eat: Chunk             |    17 |    31 |    49 ||    97
       Meat ration       |       |       |     1 ||     1
Armor: Plate armour      |   171 |   283 |   355 ||   809
Dodge: Dodged            |    47 |    83 |    95 ||   225
Block: Buckler           |       |     9 |   114 ||   123
